 Dungeon Crawl Stone Soup version 0.31-a0-7-g51783674b7 (webtiles) character file.

Game seed: 900303553032643362

326 mopl the Chopper (level 6, 0/47 HPs)
             Began as a Formicid Warper on May 5, 2023.
             Succumbed to a kobold's poison
             ... on level 3 of the Dungeon.
             The game lasted 00:03:16 (2361 turns).

mopl the Chopper (Formicid Warper)                  Turns: 2361, Time: 00:03:16

Health: 0/47       AC:  9    Str: 16    XL:     6   Next: 79%
Magic:  3/3        EV:  8    Int: 14    God:
Gold:   153        SH:  0    Dex: 19    Spells: 9/9 levels left

rFire   . . .        h - +2 demon whip (antimagic)
rCold   . . .        (no shield)
rNeg    . . .        y - +0 chain mail
rPois   .            (helmet unavailable)
rElec   .            p - +0 cloak
rCorr   .            (no gloves)
SInv    +            (no boots)
Will    .....        (no amulet) Stlth
                     s - +6 ring of dexterity
HPRegen 0.27/turn    (no ring)
MPRegen 0.08/turn

%: no passive effects
@: mighty, lethally poisoned (0 -> -22)
A: permanent stasis, dig shafts and tunnels, antennae 3, four strong arms
a: Dig, Shaft Self


You were on level 3 of the Dungeon.
You visited 1 branch of the dungeon, and saw 3 of its levels.

You collected 153 gold pieces.

Inventory:

Hand Weapons
 a - a +0 hand axe
 h - a +2 antimagic demon whip (weapon)
 w - the +0 sling of Rotation {speed, rElec}
   (You found it on level 3 of the Dungeon)

   rElec:     It insulates you from electricity.
 A - a +0 short sword of venom
Missiles
 d - 6 boomerangs of dispersal
 j - 19 poisoned darts (quivered)
 v - 6 datura-tipped darts
 z - a throwing net
Armour
 p - a +0 cloak (worn)
 y - a +0 chain mail (worn)
Jewellery
 s - a +6 ring of dexterity (left hand)
Wands
 u - a wand of acid (14)
Scrolls
 b - 2 scrolls of enchant armour {unknown}
 c - a scroll of blinking
 e - a scroll of vulnerability {unknown}
 f - 2 scrolls of identify
 i - a scroll of poison {unknown}
 k - a scroll of magic mapping {unknown}
 l - 2 scrolls of immolation
 m - a scroll of noise {unknown}
 t - 2 scrolls of teleportation {unknown}
 x - a scroll of torment {unknown}
Potions
 n - a potion of mutation {!q}
 q - 2 potions of magic
 r - a potion of flight


   Skills:
 + Level 3.1 Fighting
 * Level 4.7 Axes
 - Level 1.0 Throwing
 + Level 2.3 Armour
 + Level 2.5 Dodging
 - Level 2.1 Spellcasting
 + Level 3.8 Translocations


You had 9 spell levels left.
You didn't know any spells.
Your spell library contained the following spells:

 Spells                   Type           Power      Damage    Failure   Level
 Lesser Beckoning         Tloc           24%        N/A       67%         2
 Teleport Other           Tloc           12%        N/A       88%         3
 Manifold Assault         Tloc           12%        N/A       99%         4
 Blink                    Tloc           Unusable   N/A       N/A         2
 Vhi's Electric Charge    Tloc/Air       Unusable   N/A       N/A         3

Dungeon Overview and Level Annotations

Branches:
Dungeon (3/15)

Altars:


Innate Abilities, Weirdness & Mutations

You cannot be hasted, slowed, berserked, paralysed or teleported.
You can dig through walls and to a lower floor.
You have a pair of large antennae on your head. (SInv)
Your four strong arms can wield two-handed weapons with a shield.


Message History

You closely miss Grinder.
Grinder is moderately wounded.
Grinder hits you!
* * * LOW HITPOINT WARNING * * *
You feel better.
Grinder's magic is no longer disrupted.
Grinder hits you but does no damage.
You feel very mighty all of a sudden. Grinder hits you but does no damage.
You whack Grinder!
Grinder's magic leaks into the air.
Grinder is heavily wounded.
Grinder barely misses you.
You whack Grinder!
Grinder's magic leaks into the air.
Grinder is severely wounded.
Grinder closely misses you.
You barely miss Grinder.
Grinder is severely wounded.
Grinder hits you.
You writhe in agony.
The kobold barely misses you.
The kobold hits you with a +0 whip of venom.
You are poisoned.
You barely miss Grinder.
Grinder is severely wounded.
* * * LOW HITPOINT WARNING * * *
You feel very sick. Grinder hits you but does no damage.
The kobold completely misses you.
The kobold hits you with a +0 whip of venom.
* * * LOW HITPOINT WARNING * * *
You are lethally poisoned!
You thrash Grinder!!
You kill Grinder!
* * * LOW HITPOINT WARNING * * *
You feel very sick. The kobold closely misses you.
The kobold hits you with a +0 whip of venom.
* * * LOW HITPOINT WARNING * * *
You are more poisoned.
Your Fighting skill increases to level 3!
Your Armour skill increases to level 2!
You have reached level 6!
You barely miss the kobold.
You die...

{ ##############
#............#
#.#.##########.#
#.#.#KKK.$.!.#.#
#.#.#@#{.. #.#
#.#.#K#.######.#
#.#.#......†...#
#.#.###.########
#.#.K..........
{
#..K...)#######
# #K####..# ...
###.#
#..##########
.....##..K#
#...........#


You could see 4 kobolds.

Vanquished Creatures
  Grinder (D:3)
  Natasha (D:3)
  Robin (D:3)
  2 adders
  3 gnolls (D:3)
  4 dart slugs
  8 ball pythons
  7 bats
  An endoplasm (D:2)
  12 goblins
  4 hobgoblins
  4 kobolds
  A quokka (D:2)
  5 frilled lizards
  4 rats
58 creatures vanquished.

Vanquished Creatures (others)
  6 toadstools (D:3)
6 creatures vanquished.

Grand Total: 64 creatures vanquished

Notes
Turn   | Place    | Note
-------+----------+-------------------------------------------
     0 | D:1      | mopl the Formicid Warper began the quest for the Orb.
     0 | D:1      | Reached XP level 1. HP: 16/16 MP: 3/3
    67 | D:1      | Reached XP level 2. HP: 22/22 MP: 5/5
   401 | D:1      | You fall into a shaft and drop 1 floor!
   424 | D:2      | Reached skill level 3 in Translocations
   442 | D:2      | Reached XP level 3. HP: 27/27 MP: 6/6
   494 | D:1      | Reached skill level 3 in Axes
   753 | D:2      | Found a faded altar of an unknown god.
   901 | D:2      | HP: 1/27 [adder (2)]
   908 | D:2      | Reached XP level 4. HP: 10/33 MP: 2/7
  1472 | D:3      | Identified the +0 sling of Rotation {speed, rElec}
  2133 | D:3      | Reached XP level 5. HP: 29/39 MP: 2/8
  2137 | D:3      | Reached skill level 2 in Dodging
  2180 | D:3      | Noticed Robin
  2217 | D:3      | Killed Robin
  2218 | D:3      | Reached skill level 4 in Axes
  2293 | D:3      | Noticed Natasha
  2301 | D:3      | Killed Natasha
  2347 | D:3      | Noticed Grinder
  2360 | D:3      | Killed Grinder
  2361 | D:3      | Reached skill level 3 in Fighting
  2361 | D:3      | Reached skill level 2 in Armour
  2361 | D:3      | Reached XP level 6. HP: 5/47 MP: 3/9
  2361 | D:3      | Succumbed to a kobold's poison

Illustrated notes

Levels and vault maps discovered:
D:1:      minmay_arrival_arboretum_small, layout_basic
D:2:      layout_rooms, hellmonk_ecumenical_altar_blasted
D:3:      cheibrodos_fertilizer, layout_basic, uniq_sigmund, uniq_robin,
          uniq_grinder, uniq_natasha

Skill      XL: |  1  2  3  4  5 |
---------------+----------------+-----
Translocations | 3 |  3.8
Axes           | 3 4 |  4.7
Dodging        | 2 |  2.5
Fighting       | 3 |  3.1
Armour         | 2 |  2.3
Throwing       | |  1.0
Spellcasting   | |  2.1

Action                     |  1- 3 |  4- 6 || total
---------------------------+-------+-------++-------
  Melee: Hand axe          |    31 |       ||    31
         Demon whip        |    53 |    88 ||   141
         Punch             |     1 |       ||     1
  Throw: Dart              |       |     7 ||     7
         Boomerang         |       |     1 ||     1
    Use: Potion            |     1 |     2 ||     3
         Scroll            |       |     5 ||     5
   Stab: Sleeping          |       |     2 ||     2
 Armour: Leather armour    |    22 |    14 ||    36
         Chain mail        |       |    26 ||    26
  Dodge: Dodged            |    55 |    44 ||    99

Table legend: (Time is in decaauts)
 A = Elapsed time spent in this place.
 B = Non-inter-level travel time spent in this place.
 C = Inter-level travel time spent in this place.
 D = Time resting spent in this place.
 E = Time spent auto-exploring this place.
 F = Levels seen in this place.
 G = Mean time per level.
                   A        B        C        D        E       F      G
               +--------+--------+--------+--------+--------+-----+--------+
         Total |   2363 |   2278 |     85 |    127 |   1636 |   3 |  787.7 |
       Dungeon |   2363 |   2278 |     85 |    127 |   1636 |   3 |  787.7 |
               +--------+--------+--------+--------+--------+-----+--------+

Top non-repeatable levels by time:
     D:3: 1172 daAuts
     D:1: 648 daAuts
     D:2: 542 daAuts
